 Dungeon Crawl Stone Soup version 0.22-a0-479-gc6e99f3 (webtiles) character file.

17 Yarrr the Ruffian (level 2, 0/25 HPs)
             Began as a Naga Transmuter on June 14, 2018.
             Slain by a hobgoblin (2 damage)
             ... on level 1 of the Dungeon.
             The game lasted 00:03:46 (520 turns).

Yarrr the Ruffian (Naga Transmuter)                  Turns: 520, Time: 00:03:47

Health: 0/25       AC:  1    Str: 12    XL:     2   Next: 62%
Magic:  4/5        EV: 10    Int: 13    God:
Gold:   44         SH:  0    Dex: 11    Spells: 4/5 levels left

rFire    . . .     SeeInvis +     - Unarmed
rCold    . . .     Gourm    .   (no shield)
rNeg     . . .     Faith    .   b - +0 robe
rPois    +         Spirit   .   (no helmet)
rElec    .         Reflect  .   (no cloak)
rCorr    .         Harm     .   (no gloves)
MR       .....                  (no barding)
Stlth    +.........             (no amulet)
HPRegen  0.08/turn              (no ring)
MPRegen  0.09/turn              (no ring)

@: appendage (expiring), very slow
A: large, horns 2, see invisible, deformed body, poison resistance, slowness 2,
slow metabolism 1, spit poison 1, AC +0
a: Spit Poison, End Transformation


You were on level 1 of the Dungeon.
You were not hungry.
You had grown temporary horns.
You visited 1 branch of the dungeon, and saw 1 of its levels.

You collected 44 gold pieces.

Inventory:

Missiles
 a - 12 arrows
 e - 28 stones (quivered)
Armour
 b - a +0 robe (worn)
Comestibles
 d - a ration
 h - 3 chunks of flesh


   Skills:
 - Level 1.0 Fighting
 - Level 1.5 Dodging
 * Level 3.6 Unarmed Combat
 - Level 2.0 Spellcasting
 + Level 2.3 Transmutations


You had 4 spell levels left.
You knew the following spells:

 Your Spells              Type           Power        Failure   Level  Hunger
a - Beastly Appendage     Tmut           #.....       10%         1    ##.....

Your spell library contained the following spells:

 Spells                   Type           Power        Failure   Level  Hunger
 Spider Form              Tmut/Pois      #.........   43%         3    ####...
 Blade Hands              Tmut           #.........   95%         5    ######.
 Ice Form                 Ice/Tmut       #.......     83%         4    #####..
 Sticks to Snakes         Tmut           #.......     14%         2    ###....


Dungeon Overview and Level Annotations

Branches:
Dungeon (1/15)

Altars:


Innate Abilities, Weirdness & Mutations

You cannot wear boots.
Your serpentine skin is tough. (AC +0)
You have supernaturally acute eyesight. (SInv)
Armour fits poorly on your strangely shaped body.
Your system is resistant to poisons. (rPois)
You cover ground very slowly.
You have a slow metabolism.
You can spit poison.
You have a pair of horns on your head.


Message History

The hobgoblin hits you.
* * * LOW HITPOINT WARNING * * *
It was a potion of curing.
You feel better. The hobgoblin hits you. The hobgoblin barely misses you.
As you read the scroll labeled TYXEVV QERYMP, it crumbles to dust.
You feel blessed for a moment.
It was a scroll of remove curse.
Your transformation is almost over.
The hobgoblin hits you but does no damage.
The hobgoblin hits you.
As you read the scroll labeled PENGUR GUBOPON, it crumbles to dust.
It is a scroll of enchant weapon.
You aren't carrying any weapons that can be enchanted.
The hobgoblin hits you.
* * * LOW HITPOINT WARNING * * *
The hobgoblin hits you.
* * * LOW HITPOINT WARNING * * *
As you read the scroll labeled WIFFYSU VEVA, it crumbles to dust.
You feel aware of your surroundings.
It was a scroll of magic mapping.
The hobgoblin hits you.
You die...

*,≈≈≈≈≈≈≈≈≈,*#...........!..,,,,,
*,**,,,,,,..##.......#.#**,,,,,,,
*,,,,,,,,,.............# **###***
****,,,,,,,###......##.#####.####
***,,,*** #.............)..##.
*,,,* ###.#.#########K###. *,,**
#.#.## ######..l.. #..#
#gg..###.......... #..#
#@.......########. #..#
#####....##### ##
#..####.....#### #........####
#..#####.# #..# #.# #..# #.#
#######.# #.# #.......#####.#


You could see 2 hobgoblins.

Vanquished Creatures
  A dart slug (D:1)
  A leopard gecko (D:1)
  3 goblins (D:1)
  A hobgoblin (D:1)
  5 kobolds (D:1)
  A bat (D:1)
  2 frilled lizards (D:1)
14 creatures vanquished.

Notes
Turn   | Place    | Note
-------+----------+-------------------------------------------
     0 | D:1      | Yarrr the Naga Transmuter began the quest for the Orb.
     0 | D:1      | Reached XP level 1. HP: 18/18 MP: 3/3
   383 | D:1      | Reached XP level 2. HP: 25/25 MP: 3/5
   519 | D:1      | HP: 1/25 [hobgoblin (5)]
   520 | D:1      | Slain by a hobgoblin

Vault maps used:
D:1:      lemuel_arrival_river_ford, minmay_crystal_water

Action                   || total
-------------------------++-------
Melee: Unarmed           ||    26
       Headbutt          ||     3
 Cast: Beastly Appendage ||     9
 Abil: Spit Poison       ||    10
  Use: Scroll            ||     3
       Potion            ||     1
Armor: Robe              ||     2
Dodge: Dodged            ||    15

Table legend:
 A = Spawn XP
 B = Non-spawn XP
 C = Spawn XP percentage of total XP
 D = Spawn monster count
 E = Non-spawn monster count
 F = Spawn count percentage of total count
 G = Total turns spent on level
                    A         B        C        D         E        F      G
               +---------+---------+-------+---------+---------+-------+---------
         Total |       0 |      25 |   0.0 |       0 |      14 |   0.0 |   520
               +---------+---------+-------+---------+---------+-------+---------
           D:1 |       0 |      25 |   0.0 |       0 |      14 |   0.0 |   520
               +---------+---------+-------+---------+---------+-------+---------
